 Dungeon Crawl Stone Soup version 0.21-a0-496-g696f58f (webtiles) character file.

145 slep the Poker (level 5, -1/37 HPs)
             Began as a Demonspawn Wanderer on Nov 24, 2017.
             Killed by divine providence
             ... invoked by an orc priest
              (13 damage)
             ... on level 3 of the Dungeon.
             The game lasted 00:06:15 (1677 turns).

slep the Poker (Demonspawn Wanderer)                Turns: 1677, Time: 00:06:16

Health: -1/37      AC:  6    Str: 12    XL:     5   Next: 6%
Magic:  5/5        EV: 10    Int: 16    God:
Gold:   172        SH:  0    Dex: 11    Spells: 4/4 levels left

rFire    . . .     SeeInvis .   g - +5 short sword
rCold    . . .     Gourm    .   (no shield)
rNeg     . . .     Faith    .   n - +0 ring mail
rPois    .         Spirit   .   (helmet restricted)
rElec    .         Reflect  .   (no cloak)
rCorr    .         Harm     .   (no gloves)
MR       .....                  h - +0 pair of boots
Stlth    +.........             (no amulet)
HPRegen  0.12/turn              v - ring of wizardry
MPRegen  0.09/turn              (no ring)

@: no status effects
A: horns 2, rot immunity
a: no special abilities


You were on level 3 of the Dungeon.
You were hungry.

You visited 1 branch of the dungeon, and saw 3 of its levels.

You collected 172 gold pieces.

Inventory:

Hand Weapons
 a - a +2 spear
 b - a +0 short sword
 g - a +5 short sword (weapon)
Missiles
 r - 11 poisoned needles
Armour
 d - a +0 robe
 h - a +0 pair of boots (worn)
 n - a +0 ring mail (worn)
 w - a scarf of resistance
Jewellery
 v - a ring of wizardry (left hand)
Wands
 u - a wand of random effects (35)
Scrolls
 j - a scroll of noise {unknown}
 k - 3 scrolls of identify {unknown}
 l - 2 scrolls of magic mapping {unknown}
 m - a scroll of enchant armour {unknown}
 o - a scroll of amnesia {unknown}
Potions
 e - a potion of invisibility {unknown}
 p - a potion of degeneration {unknown}
 q - 2 potions of brilliance {unknown}
 s - a potion of curing {unknown}
 t - a potion of might {unknown}
Books
 c - the Compendium of Stones

   Spells                             Type                      Level
   a - Sandblast                      Earth                        1
   b - Stone Arrow                    Conjuration/Earth            3
Comestibles
 f - 2 bread rations
 i - a meat ration


   Skills:
 + Level 1.6 Fighting
 + Level 1.2 Short Blades
 + Level 3.8 Polearms
 + Level 1.1 Throwing
 + Level 1.2 Armour
 + Level 1.7 Dodging
 + Level 1.9 Stealth
   Level 1.0 Transmutations
   Level 1.7 Earth Magic


You had 4 spell levels left.
You didn't know any spells.

Dungeon Overview and Level Annotations

Branches:
Dungeon (3/15)

Altars:
Fedhas


Innate Abilities, Weirdness & Mutations

You have a pair of horns on your head.
You are immune to rotting.


Message History

The orc hits you with a dagger.
The ball python bites you but does no damage.
The ball python barely misses you.
The orc priest invokes the aid of Beogh against you.
Beogh smites you! The ball python closely misses you.
The ball python barely misses you. The orc misses you.
The orc priest calls down the wrath of Beogh upon you.
Beogh smites you!
* * * LOW HITPOINT WARNING * * *
A hobgoblin comes into view. It is wielding a club.
The hobgoblin shouts!
The ball python barely misses you. The ball python grabs you.
The ball python constricts you.
You escape the ball python's grasp.
A kobold comes into view. It is wielding a whip.
The kobold shouts!
The orc priest calls down the wrath of Beogh upon you.
Beogh smites you!
You die...

##.#....##......##.o..#
.......# #..(...#o.####
#.#..... #.....o..##
...#. ######.### #
#...# .######o# ###.#
...## ........##....#
.....# .##.....S..#
.#.#.# ....##g#.### # #
..# #...@#
..........>.....
.######........
#........ #........
#........ #..K.....
.........


You could see an orc priest, an orc, a hobgoblin, a ball python and a kobold.

Vanquished Creatures
  A crimson imp (D:3)
  Jessica (D:2)
  A hound skeleton (D:2)
  2 adders
  An ooze (D:3)
  2 dart slugs (D:1)
  3 giant cockroaches
  2 goblins
  8 hobgoblins
  3 jackals (D:1)
  7 kobolds
  2 quokkas
  7 bats
  A frilled lizard (D:1)
  6 rats (D:1)
47 creatures vanquished.

Notes
Turn   | Place    | Note
-------+----------+-------------------------------------------
     0 | D:1      | slep the Demonspawn Wanderer began the quest for the Orb.
     0 | D:1      | slep set off with: a +2 spear, a +0 short sword, the Compendium of Stones, a +0 robe, a bread ration
     0 | D:1      | Reached XP level 1. HP: 15/15 MP: 1/1
   153 | D:1      | Reached skill level 3 in Polearms
   202 | D:1      | Gained mutation: You have a pair of small horns on your head. [demonic ancestry]
   202 | D:1      | Reached XP level 2. HP: 21/21 MP: 2/2
   683 | D:1      | Gained mutation: You are immune to rotting. [demonic ancestry]
   683 | D:1      | Reached XP level 3. HP: 26/26 MP: 3/3
  1266 | D:2      | Reached skill level 1 in Armour
  1287 | D:2      | Noticed Jessica
  1295 | D:2      | Killed Jessica
  1295 | D:2      | Reached XP level 4. HP: 16/32 MP: 4/4
  1422 | D:2      | Found a blossoming altar of Fedhas.
  1589 | D:3      | Reached skill level 1 in Short Blades
  1589 | D:3      | Gained mutation: You have a pair of horns on your head. [demonic ancestry]
  1589 | D:3      | Reached XP level 5. HP: 31/37 MP: 5/5
  1677 | D:3      | Killed from afar by an orc priest

Vault maps used:
D:1:      dpeg_arrival_water_altar, serial_forest, infiniplex_forest_straight_2,
          infiniplex_forest_straight_2, infiniplex_forest_clump_medium,
          infiniplex_forest_lined_4_way, infiniplex_forest_clump_large,
          infiniplex_forest_end_1, serial_bayou_pond_a
D:2:      marbit_many_paths, uniq_jessica
D:3:      first_bread

Skill      XL: |  1  2  3  4 |
---------------+-------------+-----
Polearms       | 3 |  3.8
Armour         | 1 |  1.2
Short Blades   | 1 |  1.2
Fighting       | |  1.6
Throwing       | |  1.1
Dodging        | |  1.7
Stealth        | |  1.9
Transmutations | |  1.0
Earth Magic    | |  1.7

Action                   |  1- 3 |  4- 6 || total
-------------------------+-------+-------++-------
Melee: Short sword       |    93 |    25 ||   118
       Spear             |     5 |       ||     5
       Headbutt          |     7 |     4 ||    11
 Stab: Sleeping          |     4 |       ||     4
  Eat: Chunk             |     1 |     1 ||     2
Armor: Robe              |    19 |       ||    19
       Ring mail         |    24 |    17 ||    41
Dodge: Dodged            |    57 |    17 ||    74

Table legend:
 A = Spawn XP
 B = Non-spawn XP
 C = Spawn XP percentage of total XP
 D = Spawn monster count
 E = Non-spawn monster count
 F = Spawn count percentage of total count
 G = Total turns spent on level
                    A         B        C        D         E        F      G
               +---------+---------+-------+---------+---------+-------+---------
         Total |       0 |     208 |   0.0 |       0 |      47 |   0.0 |  1677
               +---------+---------+-------+---------+---------+-------+---------
           D:1 |       0 |      45 |   0.0 |       0 |      26 |   0.0 |  1013
           D:2 |       0 |      89 |   0.0 |       0 |      14 |   0.0 |   552
           D:3 |       0 |      74 |   0.0 |       0 |       7 |   0.0 |   112
               +---------+---------+-------+---------+---------+-------+---------
